 Dungeon Crawl Stone Soup version 0.27-a0-1242-ge70438ac7b (webtiles) character file.

Game seed: 13798922905973808001

970 Froggeryz the Chiller (level 7, -1/50 HPs)
             Began as a Demigod Ice Elementalist on June 9, 2021.
             Slain by a phantom (6 damage)
             ... on level 4 of the Dungeon.
             The game lasted 00:06:34 (6241 turns).

Froggeryz the Chiller (Demigod Ice Elementalist)    Turns: 6241, Time: 00:06:34

Health: -1/50      AC:  4    Str:  9    XL:     7   Next: 62%
Magic:  12/12      EV: 12    Int: 25    God:
Gold:   203        SH:  5    Dex: 14    Spells: 5/9 levels left

rFire    . . .     SeeInvis +   h - +2 dagger (drain)
rCold    . . .     Faith    .   b - +0 buckler
rNeg     . . .     Spirit   .   a - +0 robe
rPois    +         Reflect  .   o - +0 helmet {SInv}
rElec    .         Harm     .   (no cloak)
rCorr    .         Rampage  .   (no gloves)
Will     .....     Rnd*Tele +   n - +0 pair of boots
Stlth    ++........             (no amulet)
HPRegen  0.16/turn              s - ring of poison resistance
MPRegen  0.13/turn              (no ring)

@: attractive
A: high mp 1, forlorn, teleportitis 1
a: no special abilities


You were on level 4 of the Dungeon.
You visited 1 branch of the dungeon, and saw 5 of its levels.

You collected 203 gold pieces.

Inventory:

Hand Weapons
 h - a +2 dagger of draining (weapon)
Armour
 a - a +0 robe (worn)
 b - a +0 buckler (worn)
 n - a +0 pair of boots (worn)
 o - a +0 helmet of see invisible (worn)
Jewellery
 s - a ring of poison resistance (left hand)
Wands
 p - a wand of flame (14)
Scrolls
 d - a scroll of magic mapping
 e - a scroll of teleportation
 g - a scroll of identify
 i - a scroll of blinking
 k - a scroll of noise {unknown}
 l - a scroll of fog
 m - a scroll of fear
 r - a scroll of holy word {unknown}
Potions
 c - a potion of attraction
 f - a potion of brilliance
 t - a potion of magic {unknown}


   Skills:
 + Level 2.3 Dodging
 - Level 1.7 Stealth
 - Level 4.2 Shields
 - Level 1.7 Spellcasting
 * Level 7.8 Ice Magic


You had 5 spell levels left.
You knew the following spells:

 Your Spells              Type           Power      Damage    Failure   Level
a - Freeze                Ice            100%       1d11      1%          1
b - Frozen Ramparts       Ice            82%        1d10      1%          3

Your spell library contained the following spells:

 Spells                   Type           Power      Damage    Failure   Level
 Ozocubu's Armour         Ice            41%        N/A       1%          3
 Magic Dart               Conj           8%         1d3       12%         1
 Blink                    Tloc           N/A        N/A       17%         2
 Call Imp                 Summ           2%         N/A       17%         2
 Slow                     Hex            2%         N/A       17%         2
 Hailstorm                Conj/Ice       21%        3d6       22%         4
 Conjure Flame            Conj/Fire      2%         6-21      34%         3
 Mephitic Cloud           Conj/Pois/Air  2%         N/A       34%         3
 Metabolic Englaciation   Hex/Ice        10%        N/A       54%         5


Dungeon Overview and Level Annotations

Branches:
Dungeon (5/15)
 Temple: D:4-7

Annotations:
D:5 exclusion: statue


Innate Abilities, Weirdness & Mutations

Your attributes grow dramatically as you level up.
You have an increased reservoir of magic. (+10% MP)
You shall have no god before yourself.
You are occasionally teleported next to monsters.


Message History

You are too injured to fight recklessly!
You are too injured to fight recklessly!
You are too injured to fight recklessly!
You are too injured to fight recklessly!
You are too injured to fight recklessly!
You are too injured to fight recklessly!
You are too injured to fight recklessly!
You miss the phantom.
The phantom is severely damaged.
The phantom hits you.
The phantom blinks!
You blink.
You closely miss the phantom.
The phantom is severely damaged.
The phantom hits you.
The phantom blinks!
You blink.
You barely miss the phantom.
The phantom is severely damaged.
The phantom hits you.
The phantom blinks!
You blink.
There is an escape hatch in the ceiling here.
The phantom hits you.
The phantom blinks!
You blink.
You stop ascending the stairs.
The phantom hits you.
* * * LOW HITPOINT WARNING * * *
There is a stone staircase leading up here.
The phantom barely misses you.
You climb upwards.
There is a stone staircase leading down here.
The phantom hits you!
* * * LOW HITPOINT WARNING * * *
The phantom blinks!
You blink.
You hit the phantom but do no damage.
The phantom is severely damaged.
The phantom hits you.
* * * LOW HITPOINT WARNING * * *
The phantom blinks!
You blink.
It was a potion of attraction.
You feel attractive to monsters. The phantom misses you.
It was a potion of mutation.
You feel extremely strange.
You feel weirdly uncertain. The phantom hits you.
You die...

.............#........#.........#
.............#........#.........#
#####........#........#.........#
....'........#...##+#########+###
....#........#...#...............
....#........#...#...............
....#........#'###...............
....#............................
....#..........W@................
....#.............##'#####......#
....#.............#......+......#
....+.............#......#......#
....#.............#......#......#
....#...>.........#...####......#
....'........###'##...#.....#+###
....#........#...#....#.....#...#
....#........#...#....#.....#...#


You could see a phantom.

Vanquished Creatures
  Sigmund (D:4)
  Eustachio (D:5)
  2 necrophages
  An ogre (D:5)
  A scorpion (D:4)
  2 water moccasin zombies
  A jelly (D:4)
  An orc priest (D:4)
  An iguana (D:5)
  An orc wizard (D:4)
  A gnoll (D:3)
  4 adders
  2 worms
  3 dart slugs
  8 orcs
  6 ball pythons
  7 bats
  3 endoplasms
  5 giant cockroaches
  5 goblins
  5 hobgoblins
  8 quokkas
  5 frilled lizards
  3 kobolds
  2 rats (D:2)
79 creatures vanquished.

Vanquished Creatures (others)
  4 plants (D:3)
4 creatures vanquished.

Grand Total: 83 creatures vanquished

Notes
Turn   | Place    | Note
-------+----------+-------------------------------------------
     0 | D:1      | Froggeryz the Demigod Ice Elementalist began the quest for
                  | the Orb.
     0 | D:1      | Reached XP level 1. HP: 14/14 MP: 5/5
   171 | D:1      | You fall into a shaft and drop 1 floor!
   177 | D:2      | Reached skill level 4 in Ice Magic
   177 | D:2      | Reached XP level 2. HP: 18/20 MP: 2/7
   197 | D:2      | Reached skill level 1 in Shields
  1053 | D:2      | Reached XP level 3. HP: 22/26 MP: 4/8
  1336 | D:2      | You fall into a shaft and drop 1 floor!
  3227 | D:3      | Reached skill level 5 in Ice Magic
  3227 | D:3      | Reached XP level 4. HP: 33/33 MP: 9/9
  4083 | D:4      | Learned a level 3 spell: Frozen Ramparts
  4178 | D:4      | Reached XP level 5. HP: 31/38 MP: 7/10
  4296 | D:4      | Noticed a necrophage
  4311 | D:4      | Killed a necrophage
  4415 | D:4      | Noticed Sigmund
  4424 | D:4      | Reached skill level 6 in Ice Magic
  4763 | D:3      | Reached XP level 6. HP: 41/45 MP: 6/11
  4814 | D:4      | Killed Sigmund
  5736 | D:5      | Entered Level 5 of the Dungeon
  5757 | D:5      | Reached skill level 7 in Ice Magic
  5757 | D:5      | Reached XP level 7. HP: 49/50 MP: 9/12
  5805 | D:5      | Noticed Eustachio
  5812 | D:5      | Killed Eustachio
  6241 | D:4      | Gained mutation: You are occasionally teleported next to
                  | monsters. [potion of mutation]
  6241 | D:4      | Slain by a phantom

Illustrated notes

Levels and vault maps discovered:
D:1:      minmay_arrival_radiant_lines, layout_basic
D:2:      layout_rooms
D:3:      layout_loops_ring, hellmonk_ecumenical_altar_lost_god,
          eino_tiny_chamber, serial_bayou_pond_a, minmay_vboxes
D:4:      minmay_diamond_boxcup, layout_gridville, uniq_sigmund
D:5:      layout_loops_corners, pdpol_wu_jian_five_deadly_venoms,
          nicolae_tso_besieged_by_evil, vehumet_statue, st_stairs_7,
          chequers_serial_rivers_small_3, uniq_eustachio

Skill      XL: |  1  2  3  4  5  6  7 |
---------------+----------------------+-----
Ice Magic      | 4 5 6 7 |  7.8
Shields        | 1 2 3 4 |  4.2
Dodging        | 2 |  2.3
Stealth        | |  1.7
Spellcasting   | |  1.7

Action                   |  1- 3 |  4- 6 |  7- 9 || total
-------------------------+-------+-------+-------++-------
Melee: Unarmed           |     7 |       |       ||     7
       Mace              |    12 |     1 |       ||    13
       Dagger            |       |    37 |    49 ||    86
 Cast: Freeze            |    67 |    46 |     5 ||   118
       Frozen Ramparts   |       |     4 |     4 ||     8
Evoke: Wand              |       |     1 |     5 ||     6
  Use: Scroll            |       |     5 |       ||     5
       Potion            |       |     4 |     4 ||     8
 Stab: Sleeping          |       |     6 |     1 ||     7
Armor: Robe              |    18 |    23 |    12 ||    53
Dodge: Dodged            |    64 |    62 |    22 ||   148
Block: Buckler           |       |       |     5 ||     5

Table legend: (Time is in decaauts)
 A = Elapsed time spent in this place.
 B = Non-inter-level travel time spent in this place.
 C = Inter-level travel time spent in this place.
 D = Time resting spent in this place.
 E = Time spent auto-exploring this place.
 F = Levels seen in this place.
 G = Mean time per level.
                   A        B        C        D        E       F      G
               +--------+--------+--------+--------+--------+-----+--------+
         Total |   6259 |   6167 |     92 |   2055 |   3301 |   5 | 1251.8 |
       Dungeon |   6259 |   6167 |     92 |   2055 |   3301 |   5 | 1251.8 |
               +--------+--------+--------+--------+--------+-----+--------+

Top non-repeatable levels by time:
     D:2: 1983 daAuts
     D:4: 1555 daAuts
     D:3: 1453 daAuts
     D:1: 992 daAuts
     D:5: 273 daAuts
